[Event "Titled Tuesday Blitz April 4 Early 2023"]
[White "Kiseleva, Arina"]
[Black "Mazurkiewicz, Michal"]
[WhiteFideId "4164989"]
[BlackFideId "1124943"]
[WhiteElo "1708"]
[BlackElo "2054"]
[Result "0-1"]
[Round "03"]
[TimeControl "180+2"]
[Date "2023.04.04"]
[WhiteClock "0:00:01"]
[BlackClock "0:00:07"]

1. d4 Nf6 2. Nf3 g6 3. c4 Bg7 4. Nc3 O-O 5. e4 d6 6. Be2 c5 7. d5 e6 8. h3 exd5 9. cxd5 b5 10. Bxb5 Nxe4 11. O-O Nxc3 12. bxc3 Bxc3 13. Rb1 Bg7 14. Bg5 Qc7 15. Re1 Bf5 16. Rc1 Nd7 17. g4 f6 18. Bd2 a6 19. Bc4 Bxg4 20. hxg4 Nb6 21. Re6 Rfe8 22. Ba5 Qa7 23. Rxd6 Nxc4 24. Rxc4 f5 25. gxf5 gxf5 26. Re6 Qf7 27. Qe2 Kh8 28. Kf1 Rxe6 29. dxe6 Qh5 30. e7 Re8 31. Bd8 Qh1+ 32. Ng1 Qd5 33. Rc2 Bf6 34. Qd2 Qf7 35. Qd7 Bxe7 36. Re2 Rxd8 37. Qxe7 Rd1+ 38. Kg2 Qg6+ 39. Kf3 Qg4+ 40. Ke3 Qd4+ 41. Kf3 Qg4+ 42. Ke3 f4+ 43. Ke4 f3+ 44. Ke5 fxe2 45. Qf8+ Qg8 0-1


[Site "https://www.chess.com"]

[Event "Titled Tuesday Blitz April 4 Early 2023"]
[White "Mohammed, Zozek Salah Mohammed"]
[Black "Arcos Facio, Mateo"]
[WhiteFideId "4803361"]
[BlackFideId "3001199"]
[WhiteElo "2211"]
[BlackElo "2156"]
[Result "1-0"]
[Round "03"]
[TimeControl "180+2"]
[Date "2023.04.04"]
[WhiteClock "0:01:02"]
[BlackClock "0:00:01"]

1. d4 g6 2. Nf3 Bg7 3. g3 Nf6 4. Bg2 d6 5. O-O O-O 6. b3 Nbd7 7. Bb2 e5 8. dxe5 dxe5 9. Nxe5 Ng4 10. Nxd7 Bxb2 11. Nxf8 Qxd1 12. Rxd1 Bxa1 13. Nd7 Kg7 14. Nc5 c6 15. c3 Ne5 16. Na4 b5 17. Nc5 Bg4 18. Kf1 Re8 19. h3 Bf5 20. e4 Bc8 21. f4 b4 22. cxb4 h5 23. Na3 Bb2 24. Nc2 1-0


[Site "https://www.chess.com"]

[Event "Titled Tuesday Blitz April 4 Early 2023"]
[White "Manukian, Artak"]
[Black "Larina, Maria"]
[WhiteFideId "13301373"]
[BlackFideId "24113182"]
[WhiteElo "2130"]
[BlackElo "1848"]
[Result "1-0"]
[Round "03"]
[TimeControl "180+2"]
[Date "2023.04.04"]
[WhiteClock "0:00:38"]
[BlackClock "0:00:01"]

1. e4 c6 2. d4 d5 3. e5 Bf5 4. c4 e6 5. Nc3 h6 6. Nf3 Ne7 7. Qb3 Qb6 8. c5 Qc7 9. Bf4 g5 10. Bg3 Nd7 11. Be2 b6 12. cxb6 axb6 13. O-O Bg4 14. Rfc1 Qb7 15. h3 Bh5 16. Nd2 Bg6 17. f3 Nf5 18. Bf2 h5 19. a4 Rb8 20. Na2 g4 21. Nb4 Rc8 22. Nd3 gxh3 23. gxh3 h4 24. Nf4 Bh6 25. Nxg6 fxg6 26. Rc2 Bf4 27. Nf1 Kf7 28. a5 b5 29. Qa3 Ra8 30. b4 Ra6 31. Qd3 Qb8 32. Ne3 Nxe3 33. Bxe3 Bg3 34. Rac1 Qd8 35. Rxc6 Rxc6 36. Rxc6 Rh5 37. f4 Rf5 38. Bg4 Rxf4 39. Bxf4 Bxf4 40. a6 Nb8 41. Rxe6 Qc7 42. Rf6+ Kg7 43. Rxf4 Qc1+ 44. Rf1 Qg5 45. Qf3 Qe7 46. Qf6+ Qxf6 47. exf6+ Kf7 48. a7 Nc6 1-0


[Site "https://www.chess.com"]

[Event "Titled Tuesday Blitz April 4 Early 2023"]
[White "krucki03"]
[Black "Aponte Ramos, Argimiro"]
[BlackFideId "3900568"]
[WhiteElo "2395"]
[BlackElo "2216"]
[Result "0-1"]
[Round "03"]
[TimeControl "180+2"]
[Date "2023.04.04"]
[WhiteClock "0:00:12"]
[BlackClock "0:00:17"]

1. d4 Nc6 2. b3 e5 3. dxe5 Nxe5 4. Bb2 Ng6 5. Nf3 Nf6 6. e3 Bb4+ 7. c3 Be7 8. Bd3 O-O 9. O-O d5 10. Nbd2 c6 11. c4 Bg4 12. Be2 Re8 13. h3 Be6 14. Nd4 Bc8 15. N2f3 Ne4 16. Rc1 Bf6 17. cxd5 c5 18. Bc4 cxd4 19. Bxd4 Bxd4 20. Qxd4 Qf6 21. Rfd1 Qxd4 22. Rxd4 Nd6 23. Bd3 Bf5 24. Bxf5 Nxf5 25. Rb4 b6 26. Rc7 Nd6 27. Nd4 Rec8 28. Rd7 Rd8 29. Rxd8+ Rxd8 30. Nc6 Rd7 31. e4 f6 32. g3 Ne5 33. Rd4 Nb5 34. Nxe5 fxe5 35. Rc4 Rc7 36. Rb4 Nd4 37. Kg2 Kf7 38. g4 g5 39. Ra4 a5 40. Kg3 Ke7 41. Kg2 Kd6 42. Kh2 Rc2 43. Kg2 Ne2 44. h4 Nf4+ 45. Kg3 Rc3+ 46. f3 h6 47. hxg5 hxg5 48. Kf2 Rc2+ 49. Kf1 Kc5 50. Ra3 Kd4 51. Ke1 Ke3 52. Kd1 Rc3 53. Ra4 Nd3 54. Rc4 Nb2+ 55. Ke1 Nxc4 56. Kd1 Nb2+ 57. Ke1 0-1


[Site "https://www.chess.com"]

[Event "Titled Tuesday Blitz April 4 Early 2023"]
[White "Tuleyeva-Aketayeva, Dana"]
[Black "Ramirez Vido, Robert Yorisan"]
[WhiteFideId "13701932"]
[BlackFideId "3513823"]
[WhiteElo "2030"]
[BlackElo "2394"]
[Result "0-1"]
[Round "03"]
[TimeControl "180+2"]
[Date "2023.04.04"]
[WhiteClock "0:00:01"]
[BlackClock "0:01:09"]

1. d4 g6 2. Nf3 Nf6 3. g3 Bg7 4. Bg2 O-O 5. O-O d6 6. c4 c5 7. dxc5 dxc5 8. Nc3 Nc6 9. Be3 Qa5 10. Qa4 Be6 11. Qxa5 Nxa5 12. Bxc5 Nxc4 13. Bxe7 Rfe8 14. Bc5 Nxb2 15. Ng5 Nd7 16. Nxe6 Bxc3 17. Rac1 Na4 18. Nc7 Ndxc5 19. Nxa8 Rxa8 20. Rb1 Rb8 21. Rfc1 b6 22. Bc6 Bf6 23. Bxa4 Nxa4 24. Rc4 Nc3 25. Rb3 Nxe2+ 26. Kf1 Nd4 27. Rd3 Ne6 28. Rd7 a5 29. h4 b5 30. Rc6 h5 31. Ra6 Nc5 32. Rxf6 Nxd7 33. Rd6 Ne5 34. Rd5 Nc4 0-1


[Site "https://www.chess.com"]

[Event "Titled Tuesday Blitz April 4 Early 2023"]
[White "dDobravcan"]
[Black "Kukreja, Sankalp"]
[BlackFideId "45027676"]
[WhiteElo "2146"]
[BlackElo "2126"]
[Result "0-1"]
[Round "03"]
[TimeControl "180+2"]
[Date "2023.04.04"]
[WhiteClock "0:00:01"]
[BlackClock "0:00:05"]

1. e4 c5 2. b4 cxb4 3. Bb2 d6 4. d4 Nf6 5. Bd3 Nc6 6. Nf3 Bg4 7. h3 Bxf3 8. Qxf3 e5 9. d5 Na5 10. a3 Qb6 11. O-O b3 12. c4 Be7 13. Nd2 O-O 14. Kh1 Rac8 15. Qe2 Qc7 16. f4 b6 17. fxe5 dxe5 18. Rf5 Bd6 19. Raf1 Qe7 20. R1f3 Bxa3 21. Bxa3 Qxa3 22. Rg3 Qd6 23. Kh2 g6 24. Rfg5 Kh8 25. Rf3 Nh5 26. g3 f6 27. Rxh5 gxh5 28. Rf5 Rc7 29. Qxh5 Rg7 30. g4 Rfg8 31. Nf3 b2 32. Qh4 Nxc4 33. g5 fxg5 34. Nxg5 Qg6 35. Qf2 Qxg5 36. Rxg5 Rxg5 37. Qf6+ R8g7 38. Qf8+ Rg8 39. Qf6+ R5g7 40. h4 Nd2 41. h5 h6 42. Qxh6+ Rh7 43. Qf6+ Rgg7 0-1


[Site "https://www.chess.com"]

[Event "Titled Tuesday Blitz April 4 Early 2023"]
[White "Baruch, Liam"]
[Black "Yanayt, Eugene"]
[WhiteFideId "14322064"]
[BlackFideId "2020165"]
[WhiteElo "2141"]
[BlackElo "2083"]
[Result "1-0"]
[Round "03"]
[TimeControl "180+2"]
[Date "2023.04.04"]
[WhiteClock "0:00:06"]
[BlackClock "0:00:12"]

1. e4 c5 2. Nc3 g6 3. f4 Bg7 4. Nf3 Nc6 5. Bb5 Nd4 6. O-O Nh6 7. d3 O-O 8. Be3 d6 9. Bc4 Rb8 10. a4 b6 11. Bxd4 cxd4 12. Nb5 Bg4 13. Nxa7 Qd7 14. Nb5 Kh8 15. h3 Bxh3 16. gxh3 Qxh3 17. Nh2 Rbc8 18. Qf3 Qd7 19. Na3 Rc5 20. Kf2 Rh5 21. Rh1 Rh3 22. Qg2 Rc8 23. Nf3 Ng4+ 24. Ke2 Rxh1 25. Rxh1 Ne3 26. Qh3 Qxh3 27. Rxh3 Kg8 28. Ng5 Nxc4 29. Nxc4 h6 30. Nf3 Bf8 31. Nxd4 e6 32. Kd1 Rb8 33. Nb5 d5 34. exd5 exd5 35. Ne5 Ra8 36. b3 Re8 37. Rg3 Kg7 38. Kd2 Bb4+ 39. c3 Be7 40. Nd4 Bf6 41. Nf5+ Kh7 42. Nd6 Bxe5 43. Nxe8 Bxf4+ 44. Ke2 Bxg3 45. Kf3 Be5 46. d4 Bb8 47. b4 Kg8 48. Nf6+ Kg7 49. Nxd5 g5 50. Nxb6 h5 51. a5 g4+ 52. Kg2 h4 53. Nd5 h3+ 54. Kh1 f5 55. Ne3 Kg6 56. a6 Kg5 57. Ng2 hxg2+ 58. Kxg2 f4 59. b5 f3+ 60. Kf1 g3 61. b6 Kf4 62. a7 Bxa7 63. bxa7 Ke3 64. a8=Q g2+ 65. Kg1 Ke2 66. Qe8+ Kd2 67. Qf8 Ke2 68. Qe7+ Kd2 69. Qf6 Kxc3 70. Qxf3+ Kxd4 71. Qxg2 1-0


[Site "https://www.chess.com"]

[Event "Titled Tuesday Blitz April 4 Early 2023"]
[White "Kornyukov, Alexey"]
[Black "Legenia, Artem"]
[WhiteFideId "4150457"]
[BlackFideId "14136945"]
[WhiteElo "2352"]
[BlackElo "1992"]
[Result "1/2-1/2"]
[Round "03"]
[TimeControl "180+2"]
[Date "2023.04.04"]
[WhiteClock "0:00:20"]
[BlackClock "0:00:23"]

1. e4 c5 2. Nf3 e6 3. c3 Qc7 4. d4 d6 5. Be2 Nf6 6. Nbd2 Be7 7. O-O O-O 8. dxc5 dxc5 9. e5 Nd5 10. Ne4 Nc6 11. c4 Nb6 12. Bf4 Rd8 13. Qc2 Bd7 14. Rfd1 Be8 15. Nd6 f6 16. Nxe8 Rxe8 17. exf6 Qxf4 18. fxe7 Rxe7 19. Bd3 h6 20. Re1 Nb4 21. Qc3 Nxd3 22. Qxd3 Qxc4 23. Qe3 Nd5 24. Qe5 Rf8 25. Rac1 Qg4 26. Qg3 Qb4 27. Ne5 Nf4 28. Ng6 Nxg6 29. Qxg6 Rf6 30. Qd3 Qd4 31. Qxd4 cxd4 32. Rcd1 Rd7 33. Re4 d3 34. Re3 d2 35. Re2 Kf7 36. Rexd2 Rxd2 37. Rxd2 Rf4 38. f3 Ke7 39. Kf2 Rc4 40. Ke3 Rc6 41. g4 g5 42. h3 Rc1 43. b3 Rh1 44. Rc2 Kd7 45. Rd2+ Kc7 46. Rc2+ Kb8 47. Rd2 Rxh3 48. Rd6 h5 49. gxh5 g4 50. Rxe6 Rxf3+ 51. Ke2 Rh3 52. h6 Kc7 53. Rg6 Rh2+ 54. Kf1 Rxa2 55. Kg1 Ra5 56. Rxg4 Rh5 57. Rg7+ Kc6 58. h7 a5 59. Kf2 Kb6 60. Rg6+ Ka7 61. Rg7 Ka6 62. Ke2 Rh2+ 63. Kd3 Rh1 64. Kc3 Rh3+ 65. Kc4 Rh1 66. Kc3 Rh3+ 67. Kc4 Rh4+ 68. Kc3 Rh3+ 1/2-1/2


[Site "https://www.chess.com"]

[Event "Titled Tuesday Blitz April 4 Early 2023"]
[White "Guzman Moneo, Alberto"]
[Black "Yonal, Timur"]
[WhiteFideId "2209616"]
[BlackFideId "44115725"]
[WhiteElo "2157"]
[BlackElo "1966"]
[Result "1-0"]
[Round "03"]
[TimeControl "180+2"]
[Date "2023.04.04"]
[WhiteClock "0:00:38"]
[BlackClock "0:00:26"]

1. e4 c5 2. Nc3 d6 3. f4 Nc6 4. Nf3 g6 5. Bb5 Bg7 6. O-O e6 7. d4 cxd4 8. Nxd4 Bd7 9. Be3 Nge7 10. Be2 O-O 11. Ndb5 d5 12. exd5 exd5 13. Nxd5 Nxd5 14. Qxd5 Bxb2 15. Bc5 Re8 16. Rad1 Rxe2 17. Qxd7 Qxd7 18. Rxd7 Rxc2 19. Bf2 Rd8 20. Rxd8+ Nxd8 21. Nxa7 Nc6 22. Nxc6 bxc6 23. f5 Bg7 24. a4 Ra2 25. Bg3 Bd4+ 26. Kh1 Rxa4 27. Rb1 gxf5 28. Rb8+ Kg7 29. h4 c5 30. Rc8 Ra1+ 31. Kh2 Rc1 32. h5 h6 33. Rc6 c4 34. Bf4 Bf6 35. Bxc1 c3 36. Bxh6+ Kxh6 37. Rxf6+ Kg5 38. Rxf7 c2 39. Rc7 Kh4 40. Rxc2 f4 41. h6 f3 42. Rc4+ Kh5 43. gxf3 Kg5 44. Rg4+ Kf5 45. Kg3 Ke5 46. h7 Kd5 47. Kf2 Kc5 48. Ke3 Kb5 49. Rd4 Kc5 50. f4 Kb5 51. f5 Ka5 52. f6 Kb5 53. f7 Kc5 54. h8=Q Kb5 55. Qc8 Kb6 56. Rd7 Kb5 57. Rb7+ Ka5 58. Qa8# 1-0


[Site "https://www.chess.com"]

[Event "Titled Tuesday Blitz April 4 Early 2023"]
[White "Vargas Rodriguez, Wilver"]
[Black "Itkis, Boris"]
[WhiteFideId "3509672"]
[BlackFideId "1209167"]
[WhiteElo "2224"]
[BlackElo "2216"]
[Result "1-0"]
[Round "03"]
[TimeControl "180+2"]
[Date "2023.04.04"]
[WhiteClock "0:01:20"]
[BlackClock "0:00:25"]

1. e4 e6 2. Nf3 d5 3. exd5 exd5 4. d4 Nc6 5. Bd3 Bd6 6. O-O Bg4 7. c3 Nge7 8. Bg5 f6 9. Bh4 Qd7 10. Nbd2 O-O-O 11. b4 g5 12. Bg3 Rdg8 13. a4 h5 14. a5 h4 15. Bxd6 Qxd6 16. b5 Nd8 17. b6 cxb6 18. axb6 a6 19. Bxa6 bxa6 20. Rxa6 Nb7 21. Qa4 Qc6 22. Qa3 Re8 23. h3 Bf5 24. c4 Kd7 25. c5 Bd3 26. Qxd3 f5 1-0


[Site "https://www.chess.com"]

[Event "Titled Tuesday Blitz April 4 Early 2023"]
[White "Ansh M Shah"]
[Black "Pirvulescu, Ekaterina"]
[WhiteFideId "25033379"]
[BlackFideId "13506374"]
[WhiteElo "2084"]
[BlackElo "2006"]
[Result "1/2-1/2"]
[Round "03"]
[TimeControl "180+2"]
[Date "2023.04.04"]
[WhiteClock "0:00:56"]
[BlackClock "0:00:18"]

1. d4 d6 2. c4 e5 3. dxe5 dxe5 4. Qxd8+ Kxd8 5. Nf3 f6 6. h4 Be6 7. Nc3 c6 8. b3 Nd7 9. h5 h6 10. Bd2 Ba3 11. Kd1 Ne7 12. Kc2 Nf5 13. e3 Ne7 14. Nh4 a5 15. Bd3 Kc7 16. Rad1 a4 17. Nxa4 Nc5 18. Nxc5 Bxc5 19. Ra1 Ra3 20. Bc1 Ra7 21. f3 Rha8 22. a4 Bb4 23. Bb2 Rd8 24. Rhd1 Raa8 25. g4 Rd7 26. Ng6 Nxg6 27. Bxg6 Rxd1 28. Rxd1 b5 29. cxb5 cxb5 30. axb5 Kb6 31. Bd3 Rc8+ 32. Bc4 Bxc4 33. bxc4 Rxc4+ 34. Kb3 Kxb5 35. Rd5+ Bc5 36. Rd7 Rb4+ 37. Kc2 Bxe3 38. Rxg7 Bg5 39. Rb7+ Kc4 40. Rxb4+ Kxb4 41. Kd3 Kc5 42. Ke4 Kd6 43. Kf5 Kd5 44. Ba3 Kd4 45. Bf8 Ke3 46. Bxh6 Bxh6 47. Kxf6 Kxf3 48. g5 Bxg5+ 49. Kxg5 e4 50. h6 e3 51. h7 e2 52. h8=Q e1=Q 53. Qh3+ Qg3+ 54. Qxg3+ Kxg3 1/2-1/2


[Site "https://www.chess.com"]

[Event "Titled Tuesday Blitz April 4 Early 2023"]
[White "Shukhman, Anna"]
[Black "Winkels, Marcel"]
[WhiteFideId "54180058"]
[BlackFideId "1003887"]
[WhiteElo "2125"]
[BlackElo "1900"]
[Result "1-0"]
[Round "03"]
[TimeControl "180+2"]
[Date "2023.04.04"]
[WhiteClock "0:01:06"]
[BlackClock "0:00:25"]

1. e4 c5 2. Nf3 d6 3. d4 cxd4 4. Nxd4 Nf6 5. Nc3 a6 6. Qd3 g6 7. Bg5 Bg7 8. Be2 O-O 9. h4 h5 10. O-O-O Nc6 11. f4 Nxd4 12. Qxd4 Bg4 13. f5 Bxe2 14. Nxe2 Ng4 15. Qb4 Nf2 16. fxg6 fxg6 17. Nf4 Nxh1 18. Ne6 Qe8 19. Rxh1 Rf2 20. Nxg7 Qc6 21. c3 Rxg2 22. Ne6 Qd7 23. Nf4 Rg4 24. Nxg6 d5 25. Nxe7+ Kh7 26. Qb6 Qe8 27. Qh6# 1-0


[Site "https://www.chess.com"]

[Event "Titled Tuesday Blitz April 4 Early 2023"]
[White "Hartikainen, Jarmo"]
[Black "Ai, Evan"]
[WhiteFideId "503134"]
[BlackFideId "2094770"]
[WhiteElo "2078"]
[BlackElo "1963"]
[Result "0-1"]
[Round "03"]
[TimeControl "180+2"]
[Date "2023.04.04"]
[WhiteClock "0:00:02"]
[BlackClock "0:00:07"]

1. e4 e5 2. Nf3 Nc6 3. Bc4 Nf6 4. Ng5 d5 5. exd5 Na5 6. Bb5+ c6 7. dxc6 bxc6 8. Bd3 h6 9. Ne4 Nd5 10. Ng3 Nf4 11. Qf3 Bc5 12. O-O O-O 13. Bf5 Bxf5 14. Nxf5 Qg5 15. Ng3 f5 16. d3 Qh4 17. c3 Ne6 18. b4 Bxb4 19. cxb4 Nd4 20. Qd1 Nb7 21. Bb2 Nd6 22. Bxd4 Qxd4 23. Qb3+ Kh7 24. Nd2 Qg4 25. Qe6 Rf6 26. Qxe5 Re8 27. Qc5 f4 28. h3 Qg6 29. Nge4 Nxe4 30. Nxe4 Rf5 31. Qd6 Qf7 32. f3 Re6 33. Qd4 Rg6 34. Rf2 Rh5 35. Kf1 Rd5 36. Qc4 Qf5 37. Re1 Qd7 38. Rd1 Rh5 39. Ke2 Re5 40. Kf1 Rh5 41. Qc3 Rd5 42. Re2 Re6 43. Nf2 Rxe2 44. Kxe2 Qe6+ 45. Kf1 Qe3 46. Re1 Qb6 47. d4 Rxd4 48. Qc2+ Kg8 49. Ne4 Qxb4 50. Qc5 Qxc5 51. Nxc5 Rd2 52. a4 Rc2 53. Re5 Rc4 54. Rf5 g6 55. Re5 Kf7 56. Ke2 Kf6 57. Nd3 Rc2+ 58. Kf1 Rc4 59. Re8 Rxa4 60. Nc5 Ra1+ 61. Kf2 Ra2+ 62. Kg1 Rc2 63. Ne4+ Kf7 64. Ra8 Ra2 65. Rc8 Rc2 66. Rc7+ Ke6 67. Rxa7 Kf5 68. Ra6 g5 69. Ra8 Kg6 70. Rg8+ Kf7 71. Rc8 Rc1+ 72. Kf2 Rc2+ 73. Kf1 Rc1+ 74. Ke2 Rc2+ 75. Kd3 Rxg2 76. Rxc6 Kg7 77. Rc7+ Kg6 78. Rc6+ Kh5 79. Nf6+ Kh4 80. Ng8 Kxh3 81. Rxh6+ Kg3 82. Ke4 Re2+ 83. Kf5 Kxf3 84. Kxg5 Rg2+ 85. Kf5 Rxg8 86. Rh3+ Rg3 87. Rh8 Rg7 88. Ke5 Re7+ 89. Kf6 Re4 90. Kg5 Ke3 91. Rf8 f3 92. Rf7 f2 93. Kg6 Rf4 94. Re7+ Kf3 95. Ra7 f1=Q 96. Ra3+ Kg4 97. Rg3+ Kxg3 98. Kg5 Rf5+ 99. Kg6 Rf6+ 100. Kg5 Qf5# 0-1


[Site "https://www.chess.com"]

[Event "Titled Tuesday Blitz April 4 Early 2023"]
[White "Latreche, Khadidja"]
[Black "Skaric, Djuro"]
[WhiteFideId "7901780"]
[BlackFideId "934569"]
[WhiteElo "1869"]
[BlackElo "2282"]
[Result "0-1"]
[Round "03"]
[TimeControl "180+2"]
[Date "2023.04.04"]
[WhiteClock "0:00:03"]
[BlackClock "0:00:32"]

1. e4 d6 2. d4 g6 3. f4 Bg7 4. Nf3 Nf6 5. Bd3 Nc6 6. O-O Bg4 7. c3 e5 8. d5 Ne7 9. h3 Bd7 10. fxe5 dxe5 11. Nxe5 O-O 12. Nxd7 Nxd7 13. Bg5 f6 14. Bh4 Ne5 15. Bg3 Qd6 16. Nd2 Qb6+ 17. Kh2 Nxd3 18. Nc4 Qc5 19. Qxd3 b5 20. Ne3 Rae8 21. b4 Qb6 22. a4 bxa4 23. Rxa4 Nc8 24. Ra6 Qb7 25. Rc6 Re7 26. Ra1 Rfe8 27. Ng4 Rf7 28. Raa6 f5 29. exf5 Rxf5 30. Rxc7 Qxd5 31. Qxd5+ Rxd5 32. Nf6+ Bxf6 33. Rxf6 Rd2 34. Rf2 Rd3 35. Rff7 Rxc3 36. Rg7+ Kh8 37. Rxh7+ Kg8 38. Rcg7+ Kf8 39. Rf7+ Kg8 40. Bh4 Rc6 41. Rhg7+ Kh8 42. Bf2 Nd6 43. Rxa7 Nf5 44. Rh7+ Kg8 45. Bg3 Rc3 46. Bf4 Rc2 47. Bg5 Ree2 48. Rhc7 Rxg2+ 49. Kh1 Rh2+ 50. Kg1 Rcg2+ 51. Kf1 Ng3+ 0-1


[Site "https://www.chess.com"]

[Event "Titled Tuesday Blitz April 4 Early 2023"]
[White "Polanco Nunez, Yoel Estarling"]
[Black "hsd2016"]
[WhiteFideId "6401783"]
[WhiteElo "2132"]
[BlackElo "2027"]
[Result "1-0"]
[Round "03"]
[TimeControl "180+2"]
[Date "2023.04.04"]
[WhiteClock "0:02:21"]
[BlackClock "0:01:28"]

1. d4 d5 2. Nf3 Nf6 3. c4 c6 4. Qb3 dxc4 5. Qxc4 Nbd7 6. Nc3 e6 7. g3 Bd6 8. Bg2 e5 9. O-O e4 10. Ng5 Nb6 11. Qxf7# 1-0


[Site "https://www.chess.com"]

[Event "Titled Tuesday Blitz April 4 Early 2023"]
[White "Singgih, Diajeng Theresa"]
[Black "Romero Ruscalleda, Josep"]
[WhiteFideId "7104391"]
[BlackFideId "2231859"]
[WhiteElo "1891"]
[BlackElo "2183"]
[Result "0-1"]
[Round "03"]
[TimeControl "180+2"]
[Date "2023.04.04"]
[WhiteClock "0:00:49"]
[BlackClock "0:00:59"]

1. e4 g6 2. d4 Bg7 3. f4 d6 4. Nf3 a6 5. Be3 Nc6 6. c3 Nf6 7. Bd3 O-O 8. O-O Ng4 9. Bc1 e5 10. dxe5 dxe5 11. h3 Nf6 12. fxe5 Nd7 13. Bg5 Qe8 14. Nbd2 Ncxe5 15. Nxe5 Nxe5 16. Bc2 f6 17. Bf4 Be6 18. Nf3 Rd8 19. Qe1 Qb5 20. Bxe5 fxe5 21. Ng5 Bc4 22. Bb3 Bxb3 23. axb3 Bh6 24. Ne6 Qb6+ 25. Kh1 Qxe6 0-1


[Site "https://www.chess.com"]

[Event "Titled Tuesday Blitz April 4 Early 2023"]
[White "Naroditsky, Daniel"]
[Black "Yeletsky, Ivan"]
[WhiteFideId "2026961"]
[BlackFideId "24180327"]
[WhiteElo "2633"]
[BlackElo "2422"]
[Result "1/2-1/2"]
[Round "04"]
[TimeControl "180+2"]
[Date "2023.04.04"]
[WhiteClock "0:00:04"]
[BlackClock "0:00:06"]

1. d4 Nf6 2. Nc3 d5 3. Bf4 e6 4. Nb5 Na6 5. e3 Be7 6. Nf3 O-O 7. h4 Bd7 8. h5 c5 9. c3 h6 10. a4 Bxb5 11. axb5 Nc7 12. Qc2 c4 13. g4 Nxg4 14. Rg1 f5 15. Bh3 Bd6 16. Bxd6 Qxd6 17. Bxg4 fxg4 18. Ne5 Nxb5 19. Rxg4 Rf5 20. O-O-O Rc8 21. Rdg1 Rc7 22. f3 a6 23. Qg2 Qf8 24. Rg6 Rf6 25. Qg4 Nd6 26. Kb1 b5 27. e4 b4 28. exd5 exd5 29. Nd7 Rxg6 30. hxg6 Qf5+ 31. Qxf5 Nxf5 32. Re1 Nd6 33. Re7 bxc3 34. Nf6+ gxf6 35. Rxc7 cxb2 36. Kxb2 Nb5 37. Rd7 c3+ 38. Kc2 Nxd4+ 39. Kxc3 Nxf3 40. Rxd5 Kg7 41. Ra5 Kxg6 42. Kd3 Ne5+ 43. Ke4 Nd7 44. Kf4 h5 45. Rxa6 Nc5 46. Ra1 Nd3+ 47. Kg3 Kg5 48. Rd1 h4+ 49. Kf3 Ne5+ 50. Kg2 Ng4 51. Rd4 f5 52. Kf3 Ne5+ 53. Kg2 Ng6 54. Rd8 Nf4+ 55. Kf3 Ng6 56. Rg8 Kf6 57. Ra8 Kg5 58. Rg8 Kf6 59. Ra8 Ne5+ 60. Kf4 Nd3+ 61. Ke3 Ne5 62. Kf4 Ng6+ 63. Kf3 1/2-1/2


[Site "https://www.chess.com"]

[Event "Titled Tuesday Blitz April 4 Early 2023"]
[White "Molina, Roberto Junio Brito"]
[Black "Mamedov, Rauf"]
[WhiteFideId "2109450"]
[BlackFideId "13401653"]
[WhiteElo "2376"]
[BlackElo "2635"]
[Result "0-1"]
[Round "04"]
[TimeControl "180+2"]
[Date "2023.04.04"]
[WhiteClock "0:00:39"]
[BlackClock "0:00:34"]

1. d4 Nf6 2. Nf3 g6 3. e3 Bg7 4. b3 O-O 5. Bb2 d6 6. c4 c5 7. Be2 cxd4 8. Nxd4 Nc6 9. O-O Bd7 10. Nd2 Nxd4 11. Bxd4 Bc6 12. Bf3 Qa5 13. Qe2 Rac8 14. Rfc1 Rfd8 15. h3 h5 16. a3 e5 17. Bc3 Qc7 18. Bxc6 bxc6 19. e4 Nd7 20. b4 Nf8 21. Nb3 Ne6 22. Rd1 d5 23. exd5 cxd5 24. c5 Nf4 25. Qf1 d4 26. Bd2 e4 27. Bxf4 Qxf4 28. g3 Qf5 29. Qg2 Qd5 30. Rab1 d3 31. Nd2 f5 32. Rdc1 Qa2 33. Rd1 Qxa3 34. Nxe4 fxe4 35. Qxe4 Kh7 36. c6 d2 37. b5 Qc3 38. Qe7 Re8 39. Qxa7 Re1+ 40. Kg2 Rf8 41. Kh2 Rxd1 42. Rxd1 Qc2 0-1


[Site "https://www.chess.com"]

[Event "Titled Tuesday Blitz April 4 Early 2023"]
[White "Bortnyk, Olexandr"]
[Black "Costachi, Mihnea"]
[WhiteFideId "14120828"]
[BlackFideId "1217518"]
[WhiteElo "2734"]
[BlackElo "2456"]
[Result "1/2-1/2"]
[Round "04"]
[TimeControl "180+2"]
[Date "2023.04.04"]
[WhiteClock "0:00:05"]
[BlackClock "0:00:20"]

1. d4 Nf6 2. Nc3 d5 3. Bf4 Bf5 4. e3 e6 5. Nf3 Bd6 6. Ne5 Nbd7 7. Bd3 Bxd3 8. cxd3 O-O 9. O-O Qe7 10. Qb3 Rab8 11. Nb5 a6 12. Nxd7 Qxd7 13. Nxd6 cxd6 14. Qb6 Rfd8 15. Rfc1 Ne8 16. Rc3 Rdc8 17. Rac1 Rxc3 18. Rxc3 Rc8 19. h3 Rxc3 20. bxc3 f6 21. c4 dxc4 22. dxc4 Kf7 23. Bg3 e5 24. Qb1 g6 25. Qb3 Kg7 26. Kh2 Qc6 27. a4 h5 28. f3 Nc7 29. c5 dxc5 30. dxe5 c4 31. exf6+ Kxf6 32. Qc3+ Kf7 33. Qh8 c3 34. Qh7+ Ke8 35. Qg8+ Kd7 36. Qf7+ Kc8 37. Qf8+ Kd7 38. Qf7+ Kc8 39. Qg8+ Kd7 40. Qg7+ Kc8 41. Qh8+ Kd7 42. Bh4 Qd6+ 43. Bg3 Qc6 44. Qh7+ Kc8 45. Qg8+ Kd7 1/2-1/2


[Site "https://www.chess.com"]

[Event "Titled Tuesday Blitz April 4 Early 2023"]
[White "Andreikin, Dmitry"]
[Black "Kadric, Denis"]
[WhiteFideId "4158814"]
[BlackFideId "14403803"]
[WhiteElo "2736"]
[BlackElo "2612"]
[Result "1-0"]
[Round "04"]
[TimeControl "180+2"]
[Date "2023.04.04"]
[WhiteClock "0:01:28"]
[BlackClock "0:01:39"]

1. d4 d6 2. e4 Nf6 3. f3 e5 4. d5 c5 5. Bb5+ Nbd7 6. a4 Be7 7. Ne2 O-O 8. Na3 Ne8 9. O-O g6 10. Bd3 Ng7 11. Nc4 f5 12. a5 Nf6 13. Bd2 f4 14. b4 cxb4 15. Bxb4 g5 16. Nc3 g4 17. Nxe5 gxf3 18. Nxf3 Ng4 19. e5 Ne3 20. Qd2 dxe5 21. d6 Bxd6 22. Bxd6 1-0


[Site "https://www.chess.com"]

[Event "Titled Tuesday Blitz April 4 Early 2023"]
[White "Pakleza, Zbigniew"]
[Black "Duda, Jan-Krzysztof"]
[WhiteFideId "1119290"]
[BlackFideId "1170546"]
[WhiteElo "2410"]
[BlackElo "2790"]
[Result "0-1"]
[Round "04"]
[TimeControl "180+2"]
[Date "2023.04.04"]
[WhiteClock "0:00:04"]
[BlackClock "0:00:41"]

1. d4 d5 2. Bf4 c5 3. e3 cxd4 4. exd4 Nc6 5. c3 Bf5 6. Qb3 Qd7 7. Nf3 f6 8. Be2 g5 9. Be3 h5 10. Nbd2 e6 11. O-O Bd6 12. c4 Nge7 13. Rac1 h4 14. h3 g4 15. hxg4 Bxg4 16. Rfe1 Bf5 17. cxd5 exd5 18. Nf1 O-O-O 19. Bd3 Rdg8 20. Bd2 Bh3 21. Ne3 Bxg2 22. Nxg2 h3 23. Bf1 hxg2 24. Bxg2 Rxg2+ 25. Kf1 Rh1+ 26. Ke2 Rxe1+ 27. Nxe1 Kb8 28. Be3 Rg4 29. Nf3 Qe6 30. Kd2 Bb4+ 31. Qxb4 Nxb4 0-1


[Site "https://www.chess.com"]

[Event "Titled Tuesday Blitz April 4 Early 2023"]
[White "Hakobyan, Aram"]
[Black "Aitbayev, Aslan"]
[WhiteFideId "13306677"]
[BlackFideId "13704613"]
[WhiteElo "2584"]
[BlackElo "2325"]
[Result "1-0"]
[Round "04"]
[TimeControl "180+2"]
[Date "2023.04.04"]
[WhiteClock "0:00:25"]
[BlackClock "0:00:01"]

1. d4 d5 2. c4 c6 3. cxd5 cxd5 4. Bg5 f6 5. Bd2 e5 6. e4 dxe4 7. dxe5 Nc6 8. Nc3 fxe5 9. Bc4 Nf6 10. Nge2 Na5 11. Bb5+ Bd7 12. O-O Bc5 13. Qa4 Nc6 14. Nxe4 Nxe4 15. Qxe4 Qf6 16. Rac1 Bb6 17. Nf4 O-O 18. Qd5+ Qf7 19. Bc4 Qxd5 20. Nxd5 Kh8 21. Nxb6 axb6 22. Be3 Nd4 23. Rfd1 Rac8 24. Bd3 g6 25. f4 Bf5 26. Rxc8 Rxc8 27. fxe5 Bxd3 28. Rxd3 Nf5 29. Bxb6 Rc2 30. g4 Nh4 31. e6 Re2 32. Bd4+ Kg8 33. Bf6 Rg2+ 34. Kf1 1-0


[Site "https://www.chess.com"]